AoeStats
← Laiklik

MegaRandom

509847237Analyzed
2v2 RM · 3d ago on Sep 28, 2026· 29m 52s· 4 players
Game mode
Random Map
Map size
Medium (4 player)
Population
200
Speed
Normal
Resources
Standard
Victory
Conquest
Starting age
Dark Age
Ending age
Imperial Age
RankedLock teamsTeams togetherTeam positionsShared explorationLock speedFull tech treeHidden civsTurbo modeCheats
Victory
Defeat
🇹🇷 Inca · Türkiye
948
+15
🇹🇷 Jurchens · Türkiye
942
+15
🇦🇺 Varangians · Australia
935
-15
🇦🇺 Mongols · Australia
927
-15
danglejoe
10:38 Loom
13:08 Feudal Age
22:35 Castle Age
22:43 Pikeman
23:33 Double-Bit Axe
24:00 Forging
26:48 Iron Casting
Kingmaxeee
10:50 Loom
12:52 Feudal Age
13:00 Loom
23:50 Fletching
25:30 Double-Bit Axe
27:03 Man-at-Arms
direwolf6431
4:03 Loom
12:45 Feudal Age
17:43 Castle Age
15:36 Man-at-Arms
24:03 Pikeman
Laiklik
3:54 Loom
12:48 Feudal Age
14:47 Arson
15:43 Champi Runner
22:09 Double-Bit Axe
23:46 Forging
23:57 Scale Mail Armor
24:26 Horse Collar
24:37 Gold Mining
Connection lost

Rejoining the realm…

Still unreachable

The connection could not be restored.

Session expired

The server has moved on; the page needs a fresh start.